 Dungeon Crawl Stone Soup version 0.7.1-24-ga64cc90 character file.

137 qwqw the Stinger (level 3, 16/16 HPs)
             Began as a Kenku Venom Mage on Sept 12, 2010.
             Quit the game on Level 2 of the Dungeon.
             The game lasted 00:05:02 (2056 turns).

qwqw the Stinger (Kenku Venom Mage)                 Turns: 2056, Time: 00:05:02

HP  16/16        AC  2     Str  8 Exp: 3/60 (0), need: 30
MP   5/5         EV 12     Int 16      God:
Gold 95          SH  0     Dex 14      Spells:  2 memorised,  0 levels left

Res.Fire  : . . .   See Invis. : .   g - +0 short sword
Res.Cold  : . . .   Warding    : .   a - +0 robe
Life Prot.: . . .   Conserve   : .   (no shield)
Res.Poison: .       Res.Corr.  : .   (helmet restricted)
Res.Elec. : .       Clarity    : .   (no cloak) Spirit.Shd: . Stasis : .
                                     (no gloves)
Sust.Abil.: . .     Rnd.Telep. : .   (boots unavailable)
Res.Mut.  : .       Ctrl.Telep.: .   (no amulet)
Res.Rott. : .       Levitation : .   (no ring)
Saprovore : . . .   Ctrl.Flight: .   (no ring)

@: not resistant to hostile enchantments, fairly stealthy
A: beak, talons 3
a: no special abilities


You were on level 2 of the Dungeon.
You were not hungry.

You visited 1 branch of the dungeon, and saw 2 of its levels.

You collected 75 gold pieces.

Inventory:

Hand weapons
 g - a +0,+0 short sword (weapon)
 k - a -1,+1 orcish dagger (quivered)
 r - a -1,+1 orcish dagger
Missiles
 h - 8 +0 javelins
Armour
 a - a +0 robe (worn)
Comestibles
 t - 3 rotting chunks of hobgoblin flesh
 u - a rotting chunk of snake flesh
 v - a meat ration
Scrolls
 f - a scroll of identify {unknown}
 i - a scroll of teleportation {unknown}
 j - a scroll of curse armour {unknown}
 m - 2 scrolls of remove curse {unknown}
 s - a scroll of enchant weapon II {unknown}
 w - a scroll of detect curse {unknown}
Potions
 d - a potion of might {unknown}
 e - a potion of heal wounds
 l - 2 potions of magic {unknown}
 n - a potion of gain intelligence {unknown}
 o - a potion of mutation {unknown}
 p - a potion of healing {unknown}
 q - a potion of restore abilities {unknown}
Books
 b - a Young Poisoner's Handbook

   Spells                             Type                      Level
   *Sting                             Conjuration/Poison           1
   Cure Poison                        Poison                       2
   Poison Weapon                      Enchantment/Poison           3
   *Mephitic Cloud                    Conjuration/Poison/Air       3
   Venom Bolt                         Conjuration/Poison           5
 x - a book of Summonings

   Spells                             Type                      Level
   Abjuration                         Summoning                    3
   Recall                             Summoning/Translocation      3
   Shadow Creatures                   Summoning                    5
   Summon Ugly Thing                  Summoning                    6
   Haunt                              Necromancy/Summoning         7
   Summon Horrible Things             Summoning                    8
   You had 0 experience left.


   Skills:
 - Level 2 Dodging
 - Level 2 Stealth
 + Level 1 Spellcasting
 + Level 3 Conjurations
 + Level 4 Poison Magic


You couldn't memorise any spells.
You knew the following spells:

 Your Spells              Type           Power        Success   Level
a - Sting                 Pois/Conj      ###..        Great       1
C - Mephitic Cloud        Pois/Air/Conj  ##........   Fair        3

Dungeon Overview and Level Annotations

Branches:
Dungeon (2/27)

Altars:


Innate Abilities, Weirdness & Mutations

You have a beak for a mouth.
You have claws for feet.


Message History

You are feeling very hungry.
You start resting.
Magic restored.
Eat which item? (? for menu, Esc to quit)
You continue eating.
You finish eating.
That bread ration really hit the spot!
Are you sure you want to quit? (Confirm with "yes".)

#########%........##
###### #..........#
#....####..........#
####.#......##'###.#
# #.#.....%##.###.#
####.#............>#
##...#.......#####.#
.....###.....#####.#
..%..#.')....'.@...#
.....###.....#######
.....# #.....#
.....# #.....#
.....# #######
.....# .....# ######
.....# #....# .....#
#....# ########


There were no monsters in sight!

Vanquished Creatures
  A snake (D:2)
  A giant mite (D:2)
  An ooze (D:2)
  3 giant cockroaches (D:1)
  2 hobgoblins (D:2)
  4 kobolds (D:1)
  3 giant bats
  2 giant newts (D:2)
  7 goblins
  3 rats
27 creatures vanquished.

Notes
Turn   | Place    | Note
--------------------------------------------------------------
     0 | D:1      | qwqw, the Kenku Venom Mage, began the quest for the Orb.
     0 | D:1      | Reached XP level 1. HP: 8/8 MP: 3/3
   294 | D:1      | Reached skill 1 in Conjurations
   528 | D:1      | Reached XP level 2. HP: 10/12 MP: 1/4
  1678 | D:2      | Reached XP level 3. HP: 16/16 MP: 3/5
  1683 | D:2      | Learned a level 3 spell: Mephitic Cloud
  2056 | D:2      | Quit the game
